MLB
ST. LOUIS CARDINALS @ NEW YORK METS
03/08/2020
 
TOP OF THE 1ST
St. Louis Cardinals batting - Pitching for New York Mets : RHP Justin Anderson
Pitching: RHP Justin Anderson
Batting: LHB Brett Phillips 0-0: Ball
1-0: Ball
2-0: Called Strike
2-1: Ball
3-1: Base on Balls
Batting: SHB Cole Tucker 0-0: Foul Ball, location: 2F
0-1: Called Strike
0-2: Ball
Passed Ball!
Brett Phillips to second
1-2: Strikes out swinging
Batting: RHB Alex Bregman 0-0: Ball
1-0: Ground out 5-3 (Groundball, 56S, EV 82.5 MPH)
Batting: LHB Matt Olson 0-0: Swinging Strike
0-1: Ball
1-1: Ground out 4-3 (Groundball, 4, EV 83.1 MPH)
Top of the 1st over - 0 runs, 0 hits, 0 errors, 1 left on base; St. Louis 0 - New York 0
BOTTOM OF THE 1ST
New York Mets batting - Pitching for St. Louis Cardinals : RHP Mike Soroka
Pitching: RHP Mike Soroka
Batting: SHB Ian Happ 0-0: Swinging Strike
0-1: Swinging Strike
0-2: Ball
1-2: Strikes out swinging
Batting: RHB Starlin Castro 0-0: Ball
1-0: Foul Ball, location: 2F
1-1: Foul Ball, location: 2F
1-2: Ball
2-2: Ball
3-2: Hit by Pitch
Batting: LHB Eddie Rosario 0-0: Ball
1-0: Fly out, F4 (Line Drive, 4, EV 72.5 MPH)
Batting: LHB Mike Moustakas 0-0: Swinging Strike
0-1: Foul Ball, location: 2F
0-2: Ball
1-2: Fly out, F9 (Flyball, 9LD, EV 96.9 MPH)
Bottom of the 1st over - 0 runs, 0 hits, 0 errors, 1 left on base; St. Louis 0 - New York 0
TOP OF THE 2ND
St. Louis Cardinals batting - Pitching for New York Mets : RHP Justin Anderson
Pitching: LHP Joey Lucchesi
Batting: RHB Harrison Bader 0-0: Called Strike
0-1: Ball
1-1: Fly out, F8 (Flyball, 8RD, EV 91.3 MPH)
Batting: RHB Brendan Rodgers 0-0: Fly out, F7 (Flyball, 7S, EV 83.8 MPH)
Batting: RHB Yan Gomes 0-0: Ball
1-0: Called Strike
1-1: Ball
2-1: Fly out, F9 (Line Drive, 9D, EV 97.5 MPH)
Top of the 2nd over - 0 runs, 0 hits, 0 errors, 0 left on base; St. Louis 0 - New York 0
BOTTOM OF THE 2ND
New York Mets batting - Pitching for St. Louis Cardinals : RHP Mike Soroka
Batting: RHB Rhys Hoskins 0-0: Ball
1-0: Called Strike
1-1: Ball
2-1: Foul Ball, location: 2F
2-2: Ball
3-2: Foul Ball, location: 2F
3-2: Fly out, F7 (Flyball, 7, EV 95.6 MPH)
Pitching: RHP Jesse Hahn
Batting: SHB Bryan Reynolds 0-0: Ball
1-0: Ground out 6-3 (Groundball, 6, EV 108.1 MPH)
Batting: RHB Nick Ahmed 0-0: Ball
1-0: Called Strike
1-1: Foul Ball, location: 2F
1-2: SINGLE (Flyball, 8RS, EV 91.3 MPH)
Batting: RHB Christian Vazquez 0-0: Called Strike
0-1: Foul Ball, location: 2F
0-2: Ball
1-2: Ball
2-2: Fly out, F3 (Line Drive, 3, EV 68.1 MPH)
Bottom of the 2nd over - 0 runs, 1 hit, 0 errors, 1 left on base; St. Louis 0 - New York 0
TOP OF THE 3RD
St. Louis Cardinals batting - Pitching for New York Mets : LHP Joey Lucchesi
Batting: LHB Jason Martin 0-0: Ground out U3 (Groundball, 34, EV 81.3 MPH)
Batting: RHB Jesse Hahn 0-0: Ground out 6-3 (Groundball, 6MS, EV 83.8 MPH)
Batting: LHB Brett Phillips 0-0: Foul Ball, location: 2F
0-1: Ball
1-1: Ball
2-1: Foul Ball, location: 2F
2-2: Strikes out swinging
Top of the 3rd over - 0 runs, 0 hits, 0 errors, 0 left on base; St. Louis 0 - New York 0
BOTTOM OF THE 3RD
New York Mets batting - Pitching for St. Louis Cardinals : RHP Jesse Hahn
Batting: LHB Joey Lucchesi 0-0: Ball
1-0: Ground out 3-1 (Groundball, 34, EV 103.8 MPH)
Batting: SHB Ian Happ 0-0: Fly out, F9 (Flyball, 89M, EV 88.8 MPH)
Batting: RHB Starlin Castro 0-0: Ball
1-0: Ground out 5-3 (Groundball, 56, EV 83.1 MPH)
Bottom of the 3rd over - 0 runs, 0 hits, 0 errors, 0 left on base; St. Louis 0 - New York 0
TOP OF THE 4TH
St. Louis Cardinals batting - Pitching for New York Mets : LHP Joey Lucchesi
Batting: SHB Cole Tucker 0-0: Fly out, F7 (Line Drive, 7, EV 90.0 MPH)
Batting: RHB Alex Bregman 0-0: Ball
1-0: Fly out, F5 (Popup, 56S, EV 73.1 MPH)
Batting: LHB Matt Olson 0-0: Ball
1-0: Foul Ball, location: 2F
1-1: Ball
2-1: SINGLE (Line Drive, 89S, EV 111.9 MPH)
Batting: RHB Harrison Bader 0-0: Ball
1-0: Ball
2-0: Ball
3-0: Called Strike
3-1: Base on Balls
Matt Olson to second
Batting: RHB Brendan Rodgers 0-0: Called Strike
0-1: Ball
1-1: Called Strike
1-2: Strikes out swinging
Top of the 4th over - 0 runs, 1 hit, 0 errors, 2 left on base; St. Louis 0 - New York 0
BOTTOM OF THE 4TH
New York Mets batting - Pitching for St. Louis Cardinals : RHP Jesse Hahn
Batting: LHB Eddie Rosario 0-0: Foul Ball, location: 2F
0-1: SINGLE (Groundball, 6MD, EV 101.3 MPH)
Batting: LHB Mike Moustakas 0-0: Ball
1-0: Ball
2-0: Called Strike
2-1: Grounds into double play, 4-6-3 (Groundball, 34, EV 86.9 MPH)
Batting: RHB Rhys Hoskins 0-0: Ball
1-0: Called Strike
1-1: Fly out, F8 (Flyball, 78D, EV 107.5 MPH)
Bottom of the 4th over - 0 runs, 1 hit, 0 errors, 0 left on base; St. Louis 0 - New York 0
TOP OF THE 5TH
St. Louis Cardinals batting - Pitching for New York Mets : LHP Joey Lucchesi
Batting: RHB Yan Gomes 0-0: Swinging Strike
0-1: Called Strike
0-2: Strikes out looking
Batting: LHB Jason Martin 0-0: DOUBLE (Line Drive, 8RXD, EV 102.5 MPH)
Batting: RHB Jesse Hahn 0-0: Foul Ball, location: 2F
0-1: Ball
1-1: Ball
2-1: Ball
3-1: Ground out 6-3 (Groundball, 6, EV 87.5 MPH)
Pitching: RHP Nick Wittgren
Batting: LHB Brett Phillips 0-0: Ball
1-0: Swinging Strike
1-1: Called Strike
1-2: Strikes out swinging
Top of the 5th over - 0 runs, 1 hit, 0 errors, 1 left on base; St. Louis 0 - New York 0
BOTTOM OF THE 5TH
New York Mets batting - Pitching for St. Louis Cardinals : RHP Jesse Hahn
Batting: SHB Bryan Reynolds 0-0: Ball
1-0: Ball
2-0: Ground out 1-3 (Groundball, P, EV 78.8 MPH)
Batting: RHB Nick Ahmed 0-0: Ball
1-0: Ball
2-0: Ground out 5-3 (Groundball, 5S, EV 90.0 MPH)
Batting: RHB Christian Vazquez 0-0: Ground out 5-3 (Groundball, 56, EV 108.8 MPH)
Bottom of the 5th over - 0 runs, 0 hits, 0 errors, 0 left on base; St. Louis 0 - New York 0
TOP OF THE 6TH
St. Louis Cardinals batting - Pitching for New York Mets : RHP Nick Wittgren
Batting: SHB Cole Tucker 0-0: Ball
1-0: DOUBLE (Line Drive, 89M, EV 108.8 MPH)
Batting: RHB Alex Bregman 0-0: Called Strike
0-1: Fly out, F9 (Flyball, 9LD, EV 87.5 MPH)
Runner from 2nd tags up, SAFE at 3rd, no throw by RF
Batting: LHB Matt Olson 0-0: Ball
1-0: Foul Ball, location: 2F
1-1: DOUBLE (Line Drive, 78D, EV 103.1 MPH)
Cole Tucker scores
Batting: RHB Harrison Bader 0-0: Called Strike
0-1: Ball
1-1: Called Strike
1-2: Ball
2-2: Strikes out swinging
Pitching: RHP Peter Fairbanks
Batting: RHB Brendan Rodgers 0-0: Foul Ball, location: 2F
0-1: Reached on error, E6 (Groundball, 6, EV 80.6 MPH)
Matt Olson scores
Batting: RHB Yan Gomes 0-0: Swinging Strike
0-1: Swinging Strike
0-2: Strikes out swinging
Top of the 6th over - 2 runs, 2 hits, 1 error, 1 left on base; St. Louis 2 - New York 0
BOTTOM OF THE 6TH
New York Mets batting - Pitching for St. Louis Cardinals : RHP Jesse Hahn
Pinch Hitting: SHB Jonathan Villar 0-0: Ball
1-0: Ball
2-0: Foul Ball, location: 2F
2-1: SOLO HOME RUN (Flyball, 9D, EV 106.9 MPH), Distance : 371 ft
Pitching: LHP Ricardo Sanchez
Now at C: Connor Wong
Batting: SHB Ian Happ 0-0: Ball
1-0: SINGLE (Line Drive, 89S, EV 103.1 MPH)
Batting: RHB Starlin Castro 0-0: Called Strike
0-1: Swinging Strike
0-2: Strikes out looking
Batting: LHB Eddie Rosario 0-0: Ball
1-0: Called Strike
1-1: Fly out, F8 (Flyball, 8LM, EV 77.5 MPH)
Batting: LHB Mike Moustakas 0-0: Ball
1-0: Called Strike
1-1: Hit by Pitch
Ian Happ to second
Batting: RHB Rhys Hoskins 0-0: Ball
1-0: Called Strike
1-1: Foul Ball, location: 2F
1-2: Foul Ball, location: 2F
1-2: Ball
Passed Ball!
Ian Happ to third
Mike Moustakas to second
2-2: Foul Ball, location: 2F
2-2: Ground out 6-3 (Groundball, 6, EV 88.1 MPH)
Bottom of the 6th over - 1 run, 2 hits, 0 errors, 2 left on base; St. Louis 2 - New York 1
TOP OF THE 7TH
St. Louis Cardinals batting - Pitching for New York Mets : RHP Peter Fairbanks
Pitching: RHP John Gant
Batting: LHB Jason Martin 0-0: Called Strike
0-1: Called Strike
0-2: Ball
1-2: Foul Ball, location: 2F
1-2: Foul Ball, location: 2F
1-2: Ball
2-2: Foul Ball, location: 2F
2-2: Foul Ball, location: 2F
2-2: Ball
3-2: Ground out 4-3 (Groundball, 34D, EV 101.9 MPH)
Batting: RHB Connor Wong 0-0: Foul Ball, location: 2F
0-1: Ground out 5-3 (Groundball, 56, EV 106.3 MPH)
Pinch Hitting: RHB Jose Alberto Martinez 0-0: Ball
1-0: Called Strike
1-1: Ball
2-1: Ball
3-1: Ground out 4-3 (Groundball, 4MS, EV 81.9 MPH)
Top of the 7th over - 0 runs, 0 hits, 0 errors, 0 left on base; St. Louis 2 - New York 1
BOTTOM OF THE 7TH
New York Mets batting - Pitching for St. Louis Cardinals : LHP Ricardo Sanchez
Now in RF: Adolis Garcia
Batting: SHB Bryan Reynolds 0-0: Ball
1-0: Ball
2-0: Ball
3-0: Base on Balls
Batting: RHB Nick Ahmed 0-0: Sac Bunt to 25 - play at second, runner safe!
Batting: RHB Christian Vazquez 0-0: Called Strike
0-1: DOUBLE (Flyball, 78D, EV 108.1 MPH)
Bryan Reynolds scores
Nick Ahmed to third
Runner from 3rd tries for Home, throw by CF and OUT! 8-6-2
Runner from 2nd tries for 3rd, throw by C and OUT! 2-6-5 Double Play!
Pinch Hitting: LHB Travis Shaw 0-0: Called Strike
0-1: Ball
1-1: Ball
2-1: Foul Ball, location: 2F
2-2: Ground out 4-3 (Groundball, 4, EV 88.8 MPH)
Bottom of the 7th over - 1 run, 1 hit, 0 errors, 0 left on base; St. Louis 2 - New York 2
TOP OF THE 8TH
St. Louis Cardinals batting - Pitching for New York Mets : RHP John Gant
Pitching: RHP Tanner Rainey
Pinch Hitting: LHB Jeison Guzman 0-0: Foul Ball, location: 2F
0-1: Fly out, F6 (Line Drive, 6, EV 67.5 MPH)
Pinch Hitting: RHB Yu Chang 0-0: Ball
1-0: Ball
2-0: Ball
3-0: Called Strike
3-1: Fly out, F7 (Flyball, 78D, EV 101.9 MPH)
Pinch Hitting: RHB Hernan Perez 0-0: Called Strike
0-1: Foul Ball, location: 2F
0-2: Ball
1-2: Strikes out swinging
Top of the 8th over - 0 runs, 0 hits, 0 errors, 0 left on base; St. Louis 2 - New York 2
BOTTOM OF THE 8TH
New York Mets batting - Pitching for St. Louis Cardinals : LHP Ricardo Sanchez
Pitching: RHP Jake Wong
Now at 1B: Hernan Perez
Now at 3B: Yu Chang
Now at SS: Jeison Guzman
Pinch Hitting: RHB Oscar Mercado 0-0: Hit by Pitch
Pinch Hitting: SHB Ehire Adrianza 0-0: Ball
Oscar Mercado is caught stealing 2nd base 2-6
1-0: Ball
2-0: Ball
3-0: Called Strike
3-1: Called Strike
3-2: Fly out, F7 (Flyball, 7LM, EV 102.5 MPH)
Pinch Hitting: LHB Scott Schebler 0-0: SINGLE (Groundball, 4D, EV 95.6 MPH)
Pitching: LHP Justin Wilson
Pinch Hitting: RHB Kyle Farmer 0-0: Ball
1-0: Swinging Strike
1-1: Swinging Strike
1-2: Strikes out swinging
Bottom of the 8th over - 0 runs, 1 hit, 0 errors, 1 left on base; St. Louis 2 - New York 2
TOP OF THE 9TH
St. Louis Cardinals batting - Pitching for New York Mets : RHP Tanner Rainey
Pitching: RHP Jake Woodford
Now at 2B: Ehire Adrianza
Now at 3B: Kyle Farmer
Now in CF: Oscar Mercado
Now in RF: Scott Schebler
Pinch Hitting: RHB Nick Senzel 0-0: Ball
1-0: SINGLE (Groundball, 34D, EV 105.0 MPH)
Pinch Hitting: RHB Luis Urias 0-0: Called Strike
0-1: Foul Ball, location: 2F
0-2: Ball
1-2: Ball
2-2: Strikes out looking
Pinch Hitting: LHB Juan Soto 0-0: Ball
1-0: Called Strike
1-1: Called Strike
1-2: Strikes out swinging
Pinch Hitting: LHB Austin Meadows 0-0: Ball
1-0: Ball
2-0: Ball
3-0: Base on Balls
Nick Senzel to second
Pinch Hitting: SHB Ozzie Albies 0-0: Foul Ball, location: 2F
0-1: Ball
1-1: Fly out, F9 (Flyball, 89M, EV 82.5 MPH)
Top of the 9th over - 0 runs, 1 hit, 0 errors, 2 left on base; St. Louis 2 - New York 2
BOTTOM OF THE 9TH
New York Mets batting - Pitching for St. Louis Cardinals : LHP Justin Wilson
Pitching: RHP Marcos Molina
Now at C: Yasmani Grandal
Now at 2B: Luis Urias
Now in LF: Austin Meadows
Now in CF: Nick Senzel
Pinch Hitting: SHB Robel Garcia 0-0: Ball
1-0: Ground out 6-3 (Groundball, 4S, EV 90.0 MPH)
Batting: SHB Bryan Reynolds 0-0: Ground out 3-1 (Groundball, 34, EV 87.5 MPH)
Pinch Hitting: LHB Andres Gimenez 0-0: Called Strike
0-1: Ball
1-1: Fly out, F8 (Flyball, 8LM, EV 94.4 MPH)
Bottom of the 9th over - 0 runs, 0 hits, 0 errors, 0 left on base; St. Louis 2 - New York 2
TOP OF THE 10TH
St. Louis Cardinals batting - Pitching for New York Mets : RHP Jake Woodford
Pitching: RHP Corey Knebel
Now at 1B: Robel Garcia
Now at SS: Andres Gimenez
Batting: RHB Adolis Garcia 0-0: Foul Ball, location: 2F
0-1: Foul Ball, location: 2F
0-2: Ball
1-2: Ball
2-2: Ball
3-2: Strikes out swinging
Pinch Hitting: RHB Taylor Ward 0-0: Ball
1-0: Ball
2-0: Called Strike
2-1: Swinging Strike
2-2: Strikes out swinging
Batting: RHB Yu Chang 0-0: Foul Ball, location: 2F
0-1: Swinging Strike
0-2: Strikes out looking
Top of the 10th over - 0 runs, 0 hits, 0 errors, 0 left on base; St. Louis 2 - New York 2
BOTTOM OF THE 10TH
New York Mets batting - Pitching for St. Louis Cardinals : RHP Marcos Molina
Pitching: RHP Dellin Betances
Now at 3B: Taylor Ward
Batting: RHB Christian Vazquez 0-0: Called Strike
0-1: Ball
1-1: Ground out 6-3 (Groundball, 6, EV 101.9 MPH)
Batting: RHB Corey Knebel 0-0: Ball
1-0: Foul Ball, location: 2F
1-1: Called Strike
1-2: Strikes out swinging
Batting: RHB Oscar Mercado 0-0: Ball
1-0: Ball
2-0: SINGLE (Line Drive, 8LM, EV 97.5 MPH)
Batting: SHB Ehire Adrianza 0-0: Called Strike
0-1: Ball
Oscar Mercado steals 2nd base
1-1: Ball
Wild Pitch!
Oscar Mercado to third
2-1: Swinging Strike
2-2: Ground out 1-3 (Groundball, 34S, EV 68.8 MPH)
Bottom of the 10th over - 0 runs, 1 hit, 0 errors, 1 left on base; St. Louis 2 - New York 2
TOP OF THE 11TH
St. Louis Cardinals batting - Pitching for New York Mets : RHP Corey Knebel
Batting: RHB Hernan Perez 0-0: Ball
1-0: Fly out, F8 (Line Drive, 8LD, EV 100.6 MPH)
Batting: RHB Nick Senzel 0-0: Foul Ball, location: 2F
0-1: Foul Ball, location: 2F
0-2: Ball
1-2: Ball
2-2: Fly out, F7 (Flyball, 7D, EV 105.0 MPH)
Batting: RHB Luis Urias 0-0: Called Strike
0-1: Swinging Strike
0-2: Ball
1-2: Strikes out swinging
Top of the 11th over - 0 runs, 0 hits, 0 errors, 0 left on base; St. Louis 2 - New York 2
BOTTOM OF THE 11TH
New York Mets batting - Pitching for St. Louis Cardinals : RHP Dellin Betances
Pitching: RHP Yennsy Diaz
Now at 2B: Cole Freeman
Batting: LHB Scott Schebler 0-0: Ball
1-0: Foul Ball, location: 2F
1-1: Foul Ball, location: 2F
1-2: Ground out U3 (Groundball, 3, EV 86.3 MPH)
Batting: RHB Kyle Farmer 0-0: Ball
1-0: Ball
2-0: Foul Ball, location: 2F
2-1: Ball
3-1: Base on Balls
Batting: SHB Robel Garcia 0-0: Ball
1-0: Swinging Strike
1-1: Fielders Choice at 2nd, 4-6 (Groundball, 4, EV 91.9 MPH)
Batting: SHB Bryan Reynolds 0-0: Foul Ball, location: 2F
0-1: Ball
1-1: Ball
2-1: Ball
3-1: Base on Balls
Robel Garcia to second
Batting: LHB Andres Gimenez 0-0: Ball
1-0: Ball
2-0: Ball
3-0: Base on Balls
Robel Garcia to third
Bryan Reynolds to second
Batting: RHB Christian Vazquez 0-0: Fly out, F7 (Flyball, 78D, EV 80.6 MPH)
Bottom of the 11th over - 0 runs, 0 hits, 0 errors, 3 left on base; St. Louis 2 - New York 2
TOP OF THE 12TH
St. Louis Cardinals batting - Pitching for New York Mets : RHP Corey Knebel
Pitching: RHP J.P. Feyereisen
Batting: SHB Yasmani Grandal 0-0: Swinging Strike
0-1: Ball
1-1: Foul Ball, location: 2F
1-2: Strikes out looking
Batting: LHB Austin Meadows 0-0: Ground out 5-3 (Groundball, 56, EV 100.0 MPH)
Pinch Hitting: SHB Domingo Leyba 0-0: Fly out, F7 (Flyball, 78M, EV 88.1 MPH)
Top of the 12th over - 0 runs, 0 hits, 0 errors, 0 left on base; St. Louis 2 - New York 2
BOTTOM OF THE 12TH
New York Mets batting - Pitching for St. Louis Cardinals : RHP Yennsy Diaz
Pitching: LHP Andrew Miller
Now at 2B: Domingo Leyba
Batting: RHB J.P. Feyereisen 0-0: Ball
1-0: Ball
2-0: Called Strike
2-1: Swinging Strike
2-2: Strikes out swinging
Batting: RHB Oscar Mercado 0-0: Called Strike
0-1: Called Strike
0-2: Ball
1-2: Foul Ball, location: 2F
1-2: Ball
2-2: Ball
3-2: Fly out, F7 (Flyball, 7S, EV 86.9 MPH)
Batting: SHB Ehire Adrianza 0-0: Ball
1-0: Foul Ball, location: 2F
1-1: Fly out, F9 (Line Drive, 9D, EV 94.4 MPH)
Bottom of the 12th over - 0 runs, 0 hits, 0 errors, 0 left on base; St. Louis 2 - New York 2
TOP OF THE 13TH
St. Louis Cardinals batting - Pitching for New York Mets : RHP J.P. Feyereisen
Batting: RHB Adolis Garcia 0-0: Called Strike
0-1: Ball
1-1: Foul Ball, location: 2F
1-2: Foul Ball, location: 2F
1-2: Strikes out swinging
Batting: RHB Taylor Ward 0-0: Called Strike
0-1: Swinging Strike
0-2: Foul Ball, location: 2F
0-2: Ball
1-2: Strikes out swinging
Batting: RHB Yu Chang 0-0: Called Strike
0-1: Called Strike
0-2: Ball
1-2: Ball
2-2: Strikes out looking
Top of the 13th over - 0 runs, 0 hits, 0 errors, 0 left on base; St. Louis 2 - New York 2
BOTTOM OF THE 13TH
New York Mets batting - Pitching for St. Louis Cardinals : LHP Andrew Miller
Pitching: RHP Lincoln Henzman
Now in CF: Jahmai Jones
Batting: LHB Scott Schebler 0-0: Ball
1-0: Called Strike
1-1: Foul Ball, location: 2F
1-2: Ground out 6-3 (Groundball, 4M, EV 82.5 MPH)
Batting: RHB Kyle Farmer 0-0: Foul Ball, location: 2F
0-1: Called Strike
0-2: Ball
1-2: Ball
2-2: Foul Ball, location: 2F
2-2: Foul Ball, location: 2F
2-2: Ball
3-2: SINGLE (Groundball, 56D, EV 98.1 MPH)
Batting: SHB Robel Garcia 0-0: Called Strike
0-1: Fly out, F9 (Flyball, 9LS, EV 84.4 MPH)
Batting: SHB Bryan Reynolds 0-0: Swinging Strike
0-1: Ball
1-1: Ball
2-1: SINGLE (Line Drive, 6D, EV 96.3 MPH)
Kyle Farmer to second
Batting: LHB Andres Gimenez 0-0: Called Strike
0-1: Ball
1-1: Ground out 5-3 (Groundball, 5S, EV 90.6 MPH)
Bottom of the 13th over - 0 runs, 2 hits, 0 errors, 2 left on base; St. Louis 2 - New York 2
TOP OF THE 14TH
St. Louis Cardinals batting - Pitching for New York Mets : RHP J.P. Feyereisen
Batting: RHB Hernan Perez 0-0: Fly out, F7 (Line Drive, 7, EV 95.0 MPH)
Batting: RHB Nick Senzel 0-0: Called Strike
0-1: Ball
1-1: Ball
2-1: Ball
3-1: Base on Balls
Pitching: RHP Giovanny Gallegos
Batting: RHB Jahmai Jones 0-0: Ball
1-0: Called Strike
1-1: SINGLE (Flyball, 8LS, EV 89.4 MPH)
Nick Senzel to second
Batting: SHB Yasmani Grandal 0-0: Fly out, F8 (Flyball, 8RXD, EV 98.8 MPH)
Runner from 2nd tags up, SAFE at 3rd, no throw by CF
Batting: LHB Austin Meadows 0-0: Ball
1-0: Called Strike
1-1: Foul Ball, location: 2F
1-2: Ball
2-2: Strikes out looking
Top of the 14th over - 0 runs, 1 hit, 0 errors, 2 left on base; St. Louis 2 - New York 2
BOTTOM OF THE 14TH
New York Mets batting - Pitching for St. Louis Cardinals : RHP Lincoln Henzman
Batting: RHB Christian Vazquez 0-0: Ball
1-0: Called Strike
1-1: Ball
2-1: Foul Ball, location: 2F
2-2: Foul Ball, location: 2F
2-2: Ground out 5-3 (Groundball, 5, EV 88.8 MPH)
Batting: RHB Giovanny Gallegos 0-0: Foul Ball, location: 2F
0-1: Foul Ball, location: 2F
0-2: Ball
1-2: Strikes out swinging
Pitching: RHP Marcos Diplan
Now in LF: Jordyn Adams
Batting: RHB Oscar Mercado 0-0: Called Strike
0-1: Called Strike
0-2: Foul Ball, location: 2F
0-2: Ball
1-2: Foul Ball, location: 2F
1-2: Ball
2-2: Strikes out swinging
Bottom of the 14th over - 0 runs, 0 hits, 0 errors, 0 left on base; St. Louis 2 - New York 2
TOP OF THE 15TH
St. Louis Cardinals batting - Pitching for New York Mets : RHP Giovanny Gallegos
Batting: RHB Jordyn Adams 0-0: Ball
1-0: Called Strike
1-1: Ball
2-1: Ground out 5-3 (Groundball, 56, EV 82.5 MPH)
Batting: RHB Adolis Garcia 0-0: Fly out, F6 (Line Drive, 6, EV 68.1 MPH)
Batting: RHB Taylor Ward 0-0: Foul Ball, location: 2F
0-1: Called Strike
0-2: Strikes out looking
Top of the 15th over - 0 runs, 0 hits, 0 errors, 0 left on base; St. Louis 2 - New York 2
BOTTOM OF THE 15TH
New York Mets batting - Pitching for St. Louis Cardinals : RHP Marcos Diplan
Batting: SHB Ehire Adrianza 0-0: Ball
1-0: Reached on error, E4 (Groundball, 4, EV 93.8 MPH)
Batting: LHB Scott Schebler 0-0: Ball
1-0: Ball
2-0: Foul Ball, location: 2F
2-1: Called Strike
2-2: Strikes out swinging
Batting: RHB Kyle Farmer 0-0: Ball
1-0: Ball
2-0: Ball
3-0: Called Strike
3-1: Base on Balls
Ehire Adrianza to second
Batting: SHB Robel Garcia 0-0: Ball
1-0: Ball
2-0: Ball
3-0: Base on Balls
Ehire Adrianza to third
Kyle Farmer to second
Batting: SHB Bryan Reynolds 0-0: Ball
1-0: Ball
2-0: Called Strike
2-1: Ball
3-1: Base on Balls
Ehire Adrianza scores
Kyle Farmer to third
Robel Garcia to second
Bottom of the 15th over - 1 run, 0 hits, 1 error, 0 left on base; St. Louis 2 - New York 3
Tuesday, May 5th, 2020 - OOTP Baseball 21.3 Build 48